[Event "DVM U12 2021-22"]
[Site "Naumburg"]
[Date "2022.03.25"]
[Round "1"]
[White "Graham, David B"]
[Black "Cwiklik, Jonah"]
[Result "1-0"]
[ECO "C50"]
[WhiteElo "2128"]
[BlackElo "1409"]
[Annotator "NA"]
[PlyCount "75"]
[EventDate "2022.03.25"]
[EventType "team-tourn"]
[EventRounds "7"]
[EventCountry "GER"]
[SourceTitle "playchess.com"]
[Source "ChessBase"]
[SourceQuality "1"]
[TimeControl "40/5400+30:1800+30"]

1. e4 e5 2. Bc4 Bc5 3. d3 Nf6 4. Nf3 Nc6 5. Nc3 O-O 6. Bg5 Be7 7. O-O d6 8. h3 Be6 9. Bb3 Nd7 10. Be3 h6 11. Nd5 Na5 12. Nxe7+ Qxe7 13. Ba4 a6 14. c3 b5 15. Bc2 c5 16. Nd2 d5 17. d4 cxd4 18. cxd4 exd4 19. Bxd4 Nc6 20. Nb3 dxe4 21. Be3 Bxb3 22. Bxb3 Nc5 23. Bxf7+ Qxf7 24. Bxc5 Rfd8 25. Qg4 Re8 26. Rfe1 h5 27. Qe2 Qc4 28. Rac1 Qd3 29. Qxh5 Re5 30. Qg4 Qd2 31. Be3 Qa5 32. Red1 Na7 33. Rd7 g5 34. Bxg5 Re7 35. Rxe7 Kf8 36. Qf5+ Kg8 37. Qf7+ Kh8 38. Bf6# 1-0

[Event "DVM U12 2021-22"]
[Site "Naumburg"]
[Date "2022.03.25"]
[Round "1"]
[White "Helms, Finn"]
[Black "Zhang, Yibo"]
[Result "1-0"]
[ECO "C54"]
[WhiteElo "1911"]
[BlackElo "1397"]
[Annotator "NA"]
[PlyCount "101"]
[EventDate "2022.03.25"]
[EventType "team-tourn"]
[EventRounds "7"]
[EventCountry "GER"]
[SourceTitle "playchess.com"]
[Source "ChessBase"]
[SourceQuality "1"]
[TimeControl "40/5400+30:1800+30"]

1. e4 e5 2. Nf3 Nc6 3. Bc4 Bc5 4. c3 Nf6 5. d4 exd4 6. e5 d5 7. Bb5 Ne4 8. cxd4 Bb6 9. Nc3 Bg4 10. Be3 O-O 11. h3 Bxf3 12. gxf3 Nxc3 13. bxc3 f6 14. f4 fxe5 15. fxe5 Qh4 16. Qg4 Qxg4 17. hxg4 Ba5 18. Kd2 a6 19. Bd3 g6 20. f4 Nxd4 21. Bxd4 Rxf4 22. Ke3 Rxg4 23. Rag1 Rxg1 24. Rxg1 b5 25. Bf5 Kf8 26. Bd7 Rd8 27. Bc5+ Kg7 28. e6 Bxc3 29. e7 d4+ 30. Kd3 Rb8 31. e8=Q Rxe8 32. Bxe8 Kf6 33. Bxd4+ Bxd4 34. Kxd4 c5+ 35. Kxc5 Kg7 36. Kb6 Kh6 37. Kxa6 b4 38. Kb5 g5 39. Kxb4 g4 40. Bd7 Kh5 41. Rxg4 h6 42. Rg1 Kh4 43. Rh1+ Kg5 44. a4 Kf6 45. Rxh6+ Kg7 46. Re6 Kf7 47. a5 Kf8 48. a6 Kf7 49. a7 Kg7 50. a8=Q Kh7 51. Qe8 1-0

[Event "DVM U12 2021-22"]
[Site "Naumburg"]
[Date "2022.03.25"]
[Round "1"]
[White "Torosyan, Bagrat"]
[Black "Mohammadzadeh, Daris"]
[Result "0-1"]
[ECO "B27"]
[WhiteElo "1695"]
[BlackElo "1335"]
[Annotator "NA"]
[PlyCount "114"]
[EventDate "2022.03.25"]
[EventType "team-tourn"]
[EventRounds "7"]
[EventCountry "GER"]
[SourceTitle "playchess.com"]
[Source "ChessBase"]
[SourceQuality "1"]
[TimeControl "40/5400+30:1800+30"]

1. e4 c5 2. Nf3 g6 3. d4 cxd4 4. Qxd4 Nf6 5. Nc3 Nc6 6. Qa4 d6 7. Bd3 Bd7 8. Qb3 Bg7 9. O-O Qc7 10. Nb5 Qc8 11. Bf4 O-O 12. h3 Be6 13. Qa4 a6 14. Nbd4 b5 15. Nxc6 Qxc6 16. Qb4 Bc4 17. Rfe1 Nh5 18. Bxc4 Nxf4 19. Bd5 Nxd5 20. exd5 Qxc2 21. Nd4 a5 22. Nxc2 axb4 23. Nxb4 Bxb2 24. Rab1 Bf6 25. Nc6 Rfe8 26. Re2 Ra3 27. Rxb5 Kf8 28. Ra5 Rxa5 29. Nxa5 Rb8 30. Nc6 Rb1+ 31. Kh2 Rd1 32. Nb4 Bc3 33. Nc6 Rxd5 34. a4 Rc5 35. Nb8 Ke8 36. Na6 Ra5 37. Nc7+ Kd7 38. Nb5 Be5+ 39. f4 Bxf4+ 40. g3 Be5 41. Ra2 Kc6 42. Rc2+ Kd5 43. Rc7 Rxa4 44. Rxe7 Kc5 45. Na7 Ra2+ 46. Kg1 Bxg3 47. Rxf7 h5 48. Nc8 d5 49. Rf3 h4 50. Ne7 Kc4 51. Nxg6 d4 52. Ne7 d3 53. Nf5 d2 54. Ne3+ Kd4 55. Nd1 Ra1 56. Rf1 Be1 57. Kg2 Rxd1 0-1

[Event "DVM U12 2021-22"]
[Site "Naumburg"]
[Date "2022.03.25"]
[Round "1"]
[White "Dordevic, Tom"]
[Black "Beberhold, Otto Richard"]
[Result "1-0"]
[ECO "A06"]
[WhiteElo "1671"]
[BlackElo "1368"]
[Annotator "NA"]
[PlyCount "55"]
[EventDate "2022.03.25"]
[EventType "team-tourn"]
[EventRounds "7"]
[EventCountry "GER"]
[SourceTitle "playchess.com"]
[Source "ChessBase"]
[SourceQuality "1"]
[TimeControl "40/5400+30:1800+30"]

1. Nf3 d5 2. g3 e6 3. Bg2 f5 4. d4 Nf6 5. O-O Bd6 6. c4 c6 7. Nc3 O-O 8. Qb3 Nbd7 9. Ng5 Qe7 10. cxd5 exd5 11. e4 fxe4 12. Ncxe4 h6 13. Nxd6 hxg5 14. Nxc8 Rfxc8 15. Bxg5 Nb6 16. Rfe1 Qd6 17. Bh3 Re8 18. Bf4 Qf8 19. Be6+ Kh8 20. Qf3 Qb4 21. Re5 g6 22. Bg5 Nbd7 23. Bxf6+ Nxf6 24. Qxf6+ Kh7 25. Bf7 Qf8 26. Qxg6+ Kh8 27. Rh5+ Qh6 28. Qxh6# 1-0

[Event "DVM U12 2021-22"]
[Site "Naumburg"]
[Date "2022.03.25"]
[Round "1"]
[White "Wartenberg, Alissa"]
[Black "Sato, Kai Nathan"]
[Result "1-0"]
[ECO "C47"]
[WhiteElo "1670"]
[BlackElo "1151"]
[Annotator "NA"]
[PlyCount "67"]
[EventDate "2022.03.25"]
[EventType "team-tourn"]
[EventRounds "7"]
[EventCountry "GER"]
[SourceTitle "playchess.com"]
[Source "ChessBase"]
[SourceQuality "1"]
[TimeControl "40/5400+30:1800+30"]

1. e4 e5 2. Nf3 Nc6 3. Nc3 Nf6 4. d4 exd4 5. Nxd4 d6 6. Bg5 Be7 7. Nxc6 bxc6 8. Bd3 h6 9. Bh4 O-O 10. h3 Nh7 11. Bg3 Bf6 12. O-O Rb8 13. Rb1 Be6 14. Qd2 Bxc3 15. Qxc3 c5 16. Rbd1 Rb6 17. Rfe1 Qe7 18. b3 Rd8 19. Bc4 Nf8 20. Qf3 Bxc4 21. bxc4 Rb2 22. a3 Rdb8 23. e5 dxe5 24. Bxe5 Rxc2 25. Bxg7 Qg5 26. Bf6 Qg6 27. Re4 Rb3 28. Qxb3 Qxe4 29. Qg3+ Qg6 30. Qf4 Ne6 31. Qe5 Kh7 32. Rd7 Rc1+ 33. Kh2 Rxc4 34. Qxe6 1-0

[Event "DVM U12 2021-22"]
[Site "Naumburg"]
[Date "2022.03.25"]
[Round "1"]
[White "Braun, Julian"]
[Black "Fruth, David"]
[Result "0-1"]
[ECO "B23"]
[WhiteElo "1620"]
[BlackElo "1607"]
[Annotator "NA"]
[PlyCount "120"]
[EventDate "2022.03.25"]
[EventType "team-tourn"]
[EventRounds "7"]
[EventCountry "GER"]
[SourceTitle "playchess.com"]
[Source "ChessBase"]
[SourceQuality "1"]
[TimeControl "40/5400+30:1800+30"]

1. e4 c5 2. Nc3 g6 3. d4 Bg7 4. Be3 Nc6 5. d5 Nd4 6. Qd2 d6 7. f3 Bd7 8. h4 h5 9. Nge2 Nxe2 10. Bxe2 b5 11. g4 hxg4 12. fxg4 Nf6 13. g5 b4 14. gxf6 bxc3 15. bxc3 Bxf6 16. Bg5 Bg7 17. Qd3 Rb8 18. Qf3 Qa5 19. Bd2 Rb2 20. Bc4 Rxc2 21. Rb1 Ba4 22. Rb8+ Kd7 23. Rxh8 Bxh8 24. Rh3 Ke8 25. h5 gxh5 26. Rg3 Kd7 27. Rg8 Kc7 28. Rxh8 Qb6 29. Ke2 Qb2 30. Qe3 Qc1 31. e5 Bd7 32. exd6+ exd6 33. Rh7 Bg4+ 34. Kd3 Bf5+ 35. Ke2 Rxd2+ 36. Qxd2 Qxd2+ 37. Kxd2 Bxh7 38. Ke3 Kd7 39. Be2 Bg6 40. Kf4 f6 41. Ke3 Ke7 42. c4 Bb1 43. a3 Ba2 44. Kd3 h4 45. Bg4 f5 46. Bh3 Kf6 47. Bf1 Bb1+ 48. Kc3 Kg5 49. Kb3 Kg4 50. Ka4 h3 51. Kb5 h2 52. Bg2 Be4 53. Bxe4 fxe4 54. Kc6 h1=Q 55. Kxd6 e3 56. Kxc5 e2 57. d6 e1=Q 58. d7 Qe5+ 59. Kb4 a5+ 60. Kb3 Qb1+ 0-1

[Event "DVM U12 2021-22"]
[Site "Naumburg"]
[Date "2022.03.25"]
[Round "1"]
[White "Koberstein, Simon"]
[Black "Merenda, Lukas-Benedikt"]
[Result "1-0"]
[ECO "C50"]
[WhiteElo "1462"]
[BlackElo "1479"]
[Annotator "NA"]
[PlyCount "79"]
[EventDate "2022.03.25"]
[EventType "team-tourn"]
[EventRounds "7"]
[EventCountry "GER"]
[SourceTitle "playchess.com"]
[Source "ChessBase"]
[SourceQuality "1"]
[TimeControl "40/5400+30:1800+30"]

1. e4 e5 2. Nf3 Nc6 3. Bc4 Bc5 4. d3 Nf6 5. c3 O-O 6. O-O a6 7. Nbd2 d6 8. h3 h6 9. Re1 Re8 10. Nf1 Na5 11. Bb3 c6 12. Bc2 Qb6 13. Qd2 d5 14. b4 Bd6 15. bxa5 Qxa5 16. a3 dxe4 17. dxe4 Rd8 18. c4 Qc7 19. Qc3 Bc5 20. Be3 Bxe3 21. Nxe3 Re8 22. c5 Be6 23. Rad1 Nh5 24. Rd6 f6 25. Bb3 Qf7 26. Bxe6 Rxe6 27. Nf5 Rxd6 28. Nxd6 Qe7 29. Nh4 g6 30. Nxg6 Qg7 31. Nh4 Nf4 32. Ndf5 Qg5 33. Kh2 Rd8 34. Re3 Nh5 35. Rd3 Rf8 36. Rd7 Qf4+ 37. Kg1 Qxe4 38. Qb3+ Qd5 39. Nxh6+ Kh8 40. Ng6# 1-0

[Event "DVM U12 2021-22"]
[Site "Naumburg"]
[Date "2022.03.25"]
[Round "1"]
[White "Eichner, Tim"]
[Black "Lu, Yunong Elias"]
[Result "0-1"]
[ECO "B15"]
[WhiteElo "1460"]
[BlackElo "1677"]
[Annotator "NA"]
[PlyCount "92"]
[EventDate "2022.03.25"]
[EventType "team-tourn"]
[EventRounds "7"]
[EventCountry "GER"]
[SourceTitle "playchess.com"]
[Source "ChessBase"]
[SourceQuality "1"]
[TimeControl "40/5400+30:1800+30"]

1. e4 c6 2. d4 d5 3. Nc3 dxe4 4. Nxe4 Nf6 5. Nc3 Bf5 6. Nf3 e6 7. Bd3 Bxd3 8. Qxd3 Bd6 9. Bg5 Nbd7 10. Ne4 Be7 11. Ne5 Nxe5 12. dxe5 Qa5+ 13. Kf1 Nxe4 14. Bxe7 Nd2+ 15. Kg1 Kxe7 16. Qd6+ Ke8 17. b4 Qd5 18. Qc7 Nc4 19. Qxb7 Rd8 20. h3 Nxe5 21. Kh2 Qd7 22. Qa6 Qc7 23. g3 Qb6 24. Qe2 Rd2 25. Qxd2 Nf3+ 26. Kg2 Nxd2 27. Rad1 Ne4 28. Rhf1 Ke7 29. a3 Rd8 30. Rde1 f5 31. Re3 Rd2 32. Kf3 Ng5+ 33. Kf4 Kf6 34. g4 Nxh3+ 35. Kg3 f4+ 36. Kxh3 fxe3 37. fxe3+ Kg5 38. Rf3 Qb8 39. Rf4 Qxf4 40. exf4+ Kxf4 41. b5 cxb5 42. a4 Rxc2 43. axb5 g6 44. b6 axb6 45. g5 Kf3 46. Kh4 Rh2# 0-1

[Event "DVM U12 2021-22"]
[Site "Naumburg"]
[Date "2022.03.25"]
[Round "1"]
[White "Middendorf, Sven-Jonas"]
[Black "Bergmann, Moritz"]
[Result "1-0"]
[ECO "C66"]
[WhiteElo "1424"]
[BlackElo "1439"]
[Annotator "NA"]
[PlyCount "87"]
[EventDate "2022.03.25"]
[EventType "team-tourn"]
[EventRounds "7"]
[EventCountry "GER"]
[SourceTitle "playchess.com"]
[Source "ChessBase"]
[SourceQuality "1"]
[TimeControl "40/5400+30:1800+30"]

1. e4 e5 2. Nf3 Nc6 3. Bb5 d6 4. O-O Nf6 5. Re1 Bg4 6. h3 Bh5 7. c3 a6 8. Ba4 b5 9. Bb3 Be7 10. g4 Bg6 11. d3 h6 12. Nbd2 O-O 13. Nf1 Re8 14. Ng3 Nd7 15. Bd5 Ndb8 16. d4 exd4 17. Nxd4 Qd7 18. Be3 Bh4 19. Ngf5 Bg5 20. Bxg5 hxg5 21. f3 Bxf5 22. Nxf5 Ra7 23. Qd2 Ne5 24. Kf2 g6 25. Qxg5 c6 26. Bb3 d5 27. Nh6+ Kg7 28. Nf5+ Kg8 29. Nh6+ Kh7 30. Rad1 Qd6 31. Kg2 Qe7 32. Qxe7 Raxe7 33. g5 Nc4 34. Bxc4 dxc4 35. Ng4 Rc8 36. Nf6+ Kg7 37. Rd6 Re5 38. f4 Re7 39. e5 Rh8 40. Red1 a5 41. Rd8 Rxd8 42. Rxd8 Re8 43. Rxe8 Nd7 44. Rg8# 1-0

[Event "DVM U12 2021-22"]
[Site "Naumburg"]
[Date "2022.03.25"]
[Round "1"]
[White "Friedrich, Timofej"]
[Black "Zimmer, Tim"]
[Result "1-0"]
[ECO "C50"]
[WhiteElo "1377"]
[BlackElo "1170"]
[Annotator "NA"]
[PlyCount "119"]
[EventDate "2022.03.25"]
[EventType "team-tourn"]
[EventRounds "7"]
[EventCountry "GER"]
[SourceTitle "playchess.com"]
[Source "ChessBase"]
[SourceQuality "1"]
[TimeControl "40/5400+30:1800+30"]

1. e4 e5 2. Nf3 Nc6 3. Bc4 Bc5 4. d3 Nf6 5. Bg5 h6 6. Bxf6 Qxf6 7. c3 d6 8. h3 a6 9. Nbd2 Ne7 10. b4 Bb6 11. Qe2 Ng6 12. g3 c6 13. O-O-O Be6 14. Kb2 a5 15. a3 Bc7 16. d4 Bxc4 17. Qxc4 O-O 18. Rhf1 Ne7 19. Rde1 b5 20. Qb3 Rfe8 21. dxe5 dxe5 22. Rc1 Bd6 23. c4 axb4 24. axb4 c5 25. cxb5 cxb4 26. Nc4 Bc5 27. Ncxe5 Bd4+ 28. Nxd4 Qxe5 29. Qxb4 Rab8 30. Rc5 Qxe4 31. Re1 Qg2 32. Re2 Nd5 33. Qd2 Nb6 34. Rxe8+ Rxe8 35. Rc6 Qxc6 36. bxc6 Nc4+ 37. Kc3 Nxd2 38. Kxd2 Rc8 39. Kd3 Kf8 40. Kc4 Ke7 41. Kc5 Rc7 42. f4 Kd8 43. Nf5 g6 44. Nxh6 f5 45. g4 Rh7 46. g5 Rg7 47. Kd6 Kc8 48. h4 Kd8 49. Ke6 Rc7 50. Nf7+ Ke8 51. Ne5 Kd8 52. Nxg6 Rxc6+ 53. Kxf5 Ke8 54. Ne5 Ra6 55. h5 Kf8 56. h6 Kg8 57. g6 Ra5 58. Kf6 Ra6+ 59. Ke7 Ra7+ 60. Nd7 1-0

[Event "DVM U12 2021-22"]
[Site "Naumburg"]
[Date "2022.03.25"]
[Round "1"]
[White "Schäfle, Moritz"]
[Black "Cwiklik, Julian"]
[Result "0-1"]
[ECO "A04"]
[WhiteElo "1346"]
[BlackElo "1255"]
[Annotator "NA"]
[PlyCount "96"]
[EventDate "2022.03.25"]
[EventType "team-tourn"]
[EventRounds "7"]
[EventCountry "GER"]
[SourceTitle "playchess.com"]
[Source "ChessBase"]
[SourceQuality "1"]
[TimeControl "40/5400+30:1800+30"]

1. Nf3 Nc6 2. d4 d5 3. g3 Nf6 4. Bg2 Bg4 5. O-O e6 6. c4 dxc4 7. Qa4 Nd5 8. Qxc4 Nb6 9. Qd3 Be7 10. Ne5 Nxe5 11. dxe5 Qxd3 12. exd3 Be2 13. Re1 Bxd3 14. Bxb7 Rb8 15. Bc6+ Kf8 16. Nc3 Nc4 17. b3 Bb4 18. bxc4 Bxc3 19. Ba3+ Kg8 20. Rad1 Bxe1 21. Rxd3 g6 22. Be7 h5 23. Bf6 Rh7 24. Kf1 Ba5 25. Ke2 Bb6 26. Rd7 a6 27. Kf3 h4 28. g4 h3 29. Kg3 Ba5 30. f3 g5 31. Bxg5 Be1+ 32. Kf4 Bh4 33. Bxh4 Rxh4 34. Rxc7 Rb4 35. Be4 Rh8 36. Kg5 Kg7 37. f4 Rd8 38. f5 exf5 39. gxf5 Rb2 40. e6 Rg2+ 41. Kf4 Rxh2 42. Kg3 Re2 43. Rxf7+ Kg8 44. Bd5 Rxd5 45. cxd5 h2 46. d6 h1=Q 47. d7 Qg2+ 48. Kf4 Re4# 0-1

[Event "DVM U12 2021-22"]
[Site "Naumburg"]
[Date "2022.03.25"]
[Round "1"]
[White "Schimann, Kirill"]
[Black "Detjen, Mattes"]
[Result "1-0"]
[ECO "D00"]
[WhiteElo "1344"]
[BlackElo "1124"]
[Annotator "NA"]
[PlyCount "117"]
[EventDate "2022.03.25"]
[EventType "team-tourn"]
[EventRounds "7"]
[EventCountry "GER"]
[SourceTitle "playchess.com"]
[Source "ChessBase"]
[SourceQuality "1"]
[TimeControl "40/5400+30:1800+30"]

1. d4 d5 2. Bf4 e6 3. e3 Nf6 4. Nf3 Be7 5. c3 O-O 6. Bd3 b6 7. Nbd2 c5 8. dxc5 bxc5 9. Bc2 Ba6 10. e4 Nc6 11. exd5 exd5 12. Ba4 Qb6 13. Qb3 Qxb3 14. Nxb3 Rac8 15. Ne5 Nxe5 16. Bxe5 c4 17. Nd2 Bb7 18. Bd4 a6 19. O-O Bc6 20. Bxc6 Rxc6 21. Rfe1 Re8 22. Bxf6 Rxf6 23. Re5 Rd6 24. Rae1 Kf8 25. Nf3 Rd7 26. Rd1 Red8 27. Nd4 Bf6 28. Re2 Rd6 29. h3 Rb6 30. Rdd2 Rbd6 31. Kf1 Bg5 32. Rc2 Re8 33. Rxe8+ Kxe8 34. Nf5 Rg6 35. h4 Bf4 36. g3 Bc7 37. Rd2 Kf8 38. Rxd5 Rb6 39. Rd2 Rf6 40. g4 g6 41. Ne3 Bf4 42. Ke2 Re6 43. Rd4 Bxe3 44. fxe3 Rb6 45. Rd2 Ke7 46. e4 h5 47. gxh5 gxh5 48. Ke3 Rb5 49. Kd4 f5 50. Kxc4 fxe4 51. Re2 Kd6 52. Kd4 Ra5 53. a3 Rb5 54. c4 Rb7 55. b4 Ke6 56. Rxe4+ Kf5 57. c5 Rd7+ 58. Ke3 Rc7 59. Rc4 1-0

[Event "DVM U12 2021-22"]
[Site "Naumburg"]
[Date "2022.03.25"]
[Round "1"]
[White "Bock, Leonas"]
[Black "Klaska, Philipp Leon"]
[Result "1/2-1/2"]
[ECO "D04"]
[WhiteElo "1341"]
[BlackElo "1959"]
[Annotator "NA"]
[PlyCount "52"]
[EventDate "2022.03.25"]
[EventType "team-tourn"]
[EventRounds "7"]
[EventCountry "GER"]
[SourceTitle "playchess.com"]
[Source "ChessBase"]
[SourceQuality "1"]
[TimeControl "40/5400+30:1800+30"]

1. d4 d5 2. Nf3 Nf6 3. e3 c5 4. b3 cxd4 5. exd4 Nc6 6. Bd3 Bg4 7. Bb2 e6 8. Nbd2 Rc8 9. a3 Bd6 10. O-O Qc7 11. Qc1 O-O 12. Re1 Nd7 13. c4 Bh5 14. Qc2 Bg6 15. Bxg6 hxg6 16. Rac1 b6 17. cxd5 exd5 18. Ne5 Ncxe5 19. Qxc7 Rxc7 20. Rxc7 Bxc7 21. dxe5 Nc5 22. Re3 Ne6 23. Nf3 Rc8 24. Rc3 Kf8 25. Kf1 Ke7 26. Rc2 Kd7 1/2-1/2

[Event "DVM U12 2021-22"]
[Site "Naumburg"]
[Date "2022.03.25"]
[Round "1"]
[White "Kalinin, Alexey"]
[Black "Xue, Luka"]
[Result "0-1"]
[ECO "D04"]
[WhiteElo "1341"]
[BlackElo "1610"]
[Annotator "NA"]
[PlyCount "86"]
[EventDate "2022.03.25"]
[EventType "team-tourn"]
[EventRounds "7"]
[EventCountry "GER"]
[SourceTitle "playchess.com"]
[Source "ChessBase"]
[SourceQuality "1"]
[TimeControl "40/5400+30:1800+30"]

1. d4 d5 2. Nf3 Nf6 3. e3 c6 4. Bd3 Bg4 5. Nbd2 e6 6. h3 Bh5 7. b3 Nbd7 8. Bb2 Bd6 9. Rc1 O-O 10. c4 Re8 11. c5 Bc7 12. O-O Qe7 13. Qc2 e5 14. dxe5 Nxe5 15. Bxe5 Bxe5 16. Ng5 h6 17. Ngf3 Bxf3 18. Nxf3 Bc7 19. Rfe1 Ne4 20. b4 a6 21. a4 f5 22. Nd4 Qe5 23. f4 Qf6 24. Bxe4 Rxe4 25. Qb3 Bxf4 26. exf4 Qxd4+ 27. Kh1 Rae8 28. Rxe4 Rxe4 29. Rb1 Re3 30. Qc2 Qxf4 31. Qb2 Qe4 32. Qc1 Rxh3+ 33. Kg1 Qd4+ 34. Kf1 Rh1+ 35. Ke2 Rxc1 36. Rxc1 Qe4+ 37. Kf1 Qf4+ 38. Kg1 Qxc1+ 39. Kh2 Qf4+ 40. Kh1 d4 41. Kg1 d3 42. Kh1 d2 43. Kg1 d1=Q# 0-1

[Event "DVM U12 2021-22"]
[Site "Naumburg"]
[Date "2022.03.25"]
[Round "1"]
[White "Teng, David"]
[Black "Roth, Andreas Christian"]
[Result "1/2-1/2"]
[ECO "B01"]
[WhiteElo "1334"]
[BlackElo "1254"]
[Annotator "NA"]
[PlyCount "51"]
[EventDate "2022.03.25"]
[EventType "team-tourn"]
[EventRounds "7"]
[EventCountry "GER"]
[SourceTitle "playchess.com"]
[Source "ChessBase"]
[SourceQuality "1"]
[TimeControl "40/5400+30:1800+30"]

1. e4 d5 2. exd5 Qxd5 3. Nc3 Qa5 4. Nf3 Nf6 5. d4 c6 6. Bc4 Bg4 7. h3 Bd7 8. Ne5 e6 9. O-O Bd6 10. Nf3 O-O 11. Bd2 Qc7 12. Re1 Nd5 13. Nxd5 cxd5 14. Bd3 Nc6 15. c3 Rfe8 16. Qc2 g6 17. Bg5 Rac8 18. Bf6 Be7 19. Bxe7 Rxe7 20. Qd2 f6 21. Re3 e5 22. Rae1 e4 23. Bc2 Rce8 24. Nh2 Na5 25. b3 a6 26. Rg3 1/2-1/2

[Event "DVM U12 2021-22"]
[Site "Naumburg"]
[Date "2022.03.25"]
[Round "1"]
[White "Barthel, Jacob"]
[Black "Meisel, Aaron"]
[Result "1-0"]
[ECO "D00"]
[WhiteElo "1321"]
[BlackElo "915"]
[Annotator "NA"]
[PlyCount "61"]
[EventDate "2022.03.25"]
[EventType "team-tourn"]
[EventRounds "7"]
[EventCountry "GER"]
[SourceTitle "playchess.com"]
[Source "ChessBase"]
[SourceQuality "1"]
[TimeControl "40/5400+30:1800+30"]

1. d4 d5 2. Bf4 Bf5 3. Nf3 Nc6 4. e3 Nf6 5. Nbd2 e6 6. Nh4 Bg6 7. Nxg6 hxg6 8. h3 Bd6 9. Bxd6 Qxd6 10. c4 dxc4 11. Bxc4 O-O-O 12. Rc1 Qb4 13. Qc2 Rh5 14. a3 Qa5 15. b4 Qb6 16. Be2 a6 17. Nc4 Qa7 18. Bxh5 gxh5 19. Ne5 Rd6 20. O-O Nd5 21. Nxf7 Rd7 22. Ne5 Rd6 23. Nxc6 Rxc6 24. Qg6 Kd8 25. Rxc6 bxc6 26. Qxe6 Qb6 27. Rc1 Ne7 28. Rc5 h4 29. Re5 g6 30. Qxe7+ Kc8 31. Rc5 1-0

[Event "DVM U12 2021-22"]
[Site "Naumburg"]
[Date "2022.03.25"]
[Round "1"]
[White "Uhl, Henry"]
[Black "Flierl, Veronika"]
[Result "0-1"]
[ECO "B18"]
[WhiteElo "1301"]
[BlackElo "1356"]
[Annotator "NA"]
[PlyCount "118"]
[EventDate "2022.03.25"]
[EventType "team-tourn"]
[EventRounds "7"]
[EventCountry "GER"]
[SourceTitle "playchess.com"]
[Source "ChessBase"]
[SourceQuality "1"]
[TimeControl "40/5400+30:1800+30"]

1. e4 c6 2. Nc3 d5 3. d4 dxe4 4. Nxe4 Bf5 5. f3 e6 6. Bf4 Nf6 7. Qd3 Be7 8. Ne2 Nd5 9. c4 Nxf4 10. Nxf4 Bb4+ 11. Kf2 Bd6 12. Nh5 Qh4+ 13. g3 Qxh5 14. Nxd6+ Kd7 15. Nxf5 Qxf5 16. Qxf5 exf5 17. Bh3 g6 18. Rhe1 Na6 19. a3 Nc7 20. Re3 Ne6 21. Rd1 Rad8 22. f4 Kc7 23. d5 Rd7 24. Red3 Nc5 25. Re3 Rhd8 26. Bg2 Na4 27. Rd2 Nb6 28. Rc3 Kb8 29. Rdc2 cxd5 30. cxd5 Nxd5 31. Bxd5 Rxd5 32. Ke1 R5d7 33. Re2 Rc7 34. Rb3 a6 35. Kf2 Rcd7 36. Re5 Rd2+ 37. Kg1 Rd1+ 38. Kg2 R8d2+ 39. Kf3 Rxh2 40. Rc5 Rf1+ 41. Ke3 Rg2 42. Kd4 Rd1+ 43. Ke5 Rdd2 44. Kf6 Rxb2 45. Rxb2 Rxb2 46. Rc3 b5 47. Kxf7 b4 48. axb4 Rxb4 49. Ra3 Ka7 50. Kg7 Rb7+ 51. Kh6 Rd7 52. Kg5 Kb6 53. Rb3+ Kc5 54. Rc3+ Kb4 55. Re3 a5 56. Kf6 a4 57. Kg5 a3 58. Kh6 a2 59. Re1 Ra7 0-1

[Event "DVM U12 2021-22"]
[Site "Naumburg"]
[Date "2022.03.25"]
[Round "1"]
[White "Gulamzada, Elmir"]
[Black "Marinin, Georgii"]
[Result "0-1"]
[ECO "C42"]
[WhiteElo "1291"]
[BlackElo "1293"]
[Annotator "NA"]
[PlyCount "120"]
[EventDate "2022.03.25"]
[EventType "team-tourn"]
[EventRounds "7"]
[EventCountry "GER"]
[SourceTitle "playchess.com"]
[Source "ChessBase"]
[SourceQuality "1"]
[TimeControl "40/5400+30:1800+30"]

1. e4 e5 2. Nf3 Nf6 3. Nxe5 d6 4. Nf3 Nxe4 5. Nc3 Nxc3 6. dxc3 Be7 7. Bc4 Nc6 8. O-O Bg4 9. Bf4 Qd7 10. Re1 O-O-O 11. Bb5 Bf6 12. Qd3 Bxf3 13. Qxf3 a6 14. Ba4 Rde8 15. b4 b5 16. Bb3 Kb8 17. Bd5 Na7 18. Rad1 Rxe1+ 19. Rxe1 c6 20. Bb3 Kb7 21. c4 bxc4 22. Bxc4 d5 23. Bd3 Re8 24. Rb1 Nb5 25. Be3 Nc3 26. Rb3 Ra8 27. Bxh7 Nxa2 28. Bd2 Qd6 29. Bd3 Qe5 30. c3 d4 31. c4 Qd6 32. Bb1 Nc3 33. Bc2 Na4 34. Rb1 Nc3 35. Rb2 Ne2+ 36. Kf1 Nc3 37. Qd3 Qxh2 38. Qh3 Qxh3 39. gxh3 Kc7 40. Bf4+ Kb7 41. Rb3 Rd8 42. Bd3 g6 43. Rb2 Ka7 44. Rd2 Be7 45. Rb2 Rd7 46. Be5 f6 47. Bf4 g5 48. Bd2 Rb7 49. Ke1 Rxb4 50. Rxb4 Bxb4 51. Bxc3 Bxc3+ 52. Ke2 Kb6 53. Kf3 a5 54. Bc2 Bd2 55. Ke4 Kc5 56. Kd3 Bc3 57. Ba4 Kb4 58. Bxc6 a4 59. Kc2 a3 60. Kb1 Kb3 0-1

[Event "DVM U12 2021-22"]
[Site "Naumburg"]
[Date "2022.03.25"]
[Round "1"]
[White "Becker, Joe Matthis"]
[Black "Fadeev, Justin Michael"]
[Result "1/2-1/2"]
[ECO "B33"]
[WhiteElo "1258"]
[BlackElo "1327"]
[Annotator "NA"]
[PlyCount "152"]
[EventDate "2022.03.25"]
[EventType "team-tourn"]
[EventRounds "7"]
[EventCountry "GER"]
[SourceTitle "playchess.com"]
[Source "ChessBase"]
[SourceQuality "1"]
[TimeControl "40/5400+30:1800+30"]

1. e4 c5 2. Nf3 Nc6 3. d4 cxd4 4. Nxd4 Nf6 5. Nc3 g6 6. Bc4 Bg7 7. Nxc6 bxc6 8. O-O O-O 9. Bf4 Nxe4 10. Nxe4 d5 11. Bxd5 cxd5 12. Nc3 Ba6 13. Re1 e6 14. Qd2 Rc8 15. Rad1 Qa5 16. Be5 Bxe5 17. Rxe5 Qb4 18. Rb1 d4 19. Ne4 Qxd2 20. Nxd2 Rxc2 21. Nf3 d3 22. Ra5 Bc4 23. b3 Bd5 24. Ne1 Rc3 25. Rd1 Rfc8 26. Rxd3 Rxd3 27. Nxd3 Be4 28. Rc5 Rd8 29. Ne1 Rd1 30. f3 Rxe1+ 31. Kf2 Ra1 32. fxe4 Rxa2+ 33. Kf3 Ra3 34. Rb5 a5 35. Kf4 a4 36. bxa4 Rxa4 37. g4 Kg7 38. h4 h6 39. Rb7 Ra1 40. g5 Rf1+ 41. Kg3 hxg5 42. hxg5 Rg1+ 43. Kf4 e5+ 44. Kxe5 Rxg5+ 45. Kf4 Rg1 46. Rb5 Kh6 47. Rb7 g5+ 48. Kf5 Kg7 49. e5 Re1 50. Re7 Kf8 51. Rb7 g4 52. Kxg4 Rxe5 53. Kf4 Re7 54. Rb6 Kg7 55. Kf5 Ra7 56. Rb5 Ra1 57. Kg4 f6 58. Rb7+ Kg6 59. Rb8 Ra4+ 60. Kg3 Kg5 61. Rg8+ Kf5 62. Rf8 Ra3+ 63. Kf2 Ra6 64. Kf3 Re6 65. Kg3 Ke5 66. Kg4 Re7 67. Kh5 Rg7 68. Kh6 Rg1 69. Kh5 f5 70. Ra8 Kf4 71. Ra4+ Kf3 72. Ra3+ Kf2 73. Ra2+ Kg3 74. Ra3+ Kg2 75. Ra2+ Kh3 76. Rf2 Rg4 1/2-1/2

[Event "DVM U12 2021-22"]
[Site "Naumburg"]
[Date "2022.03.25"]
[Round "1"]
[White "Weber, Nikita"]
[Black "Ermitsch, Magnus"]
[Result "0-1"]
[ECO "A22"]
[WhiteElo "1243"]
[BlackElo "2127"]
[Annotator "NA"]
[PlyCount "52"]
[EventDate "2022.03.25"]
[EventType "team-tourn"]
[EventRounds "7"]
[EventCountry "GER"]
[SourceTitle "playchess.com"]
[Source "ChessBase"]
[SourceQuality "1"]
[TimeControl "40/5400+30:1800+30"]

1. c4 e5 2. Nc3 Nf6 3. g3 Nc6 4. Bg2 Bc5 5. e3 O-O 6. a3 a5 7. Nge2 Re8 8. O-O Bf8 9. b3 Ne7 10. Nd5 Nexd5 11. cxd5 b6 12. Nc3 Bb7 13. e4 Bc5 14. Ne2 c6 15. d4 exd4 16. Nxd4 Nxe4 17. Bb2 cxd5 18. Nf5 Qg5 19. Nxg7 Nxf2 20. Qc2 Ne4+ 21. Kh1 Nxg3+ 22. hxg3 Qh6+ 23. Bh3 Qxh3+ 24. Qh2 d4+ 25. Rf3 Bxf3+ 26. Kg1 d3+ 0-1